 Dungeon Crawl Stone Soup version 0.19.1 (webtiles) character file.

31892 esteth the Severer (level 13, -15/107 HPs)
             Began as a Minotaur Fighter on Dec 27, 2016.
             Was a High Priest of Makhleb.
             Demolished by Snorg (17 damage)
             ... on level 6 of the Lair of Beasts.
             The game lasted 00:43:34 (12644 turns).

esteth the Severer (Minotaur Fighter)              Turns: 12644, Time: 00:43:34

Health: -15/107    AC: 21    Str: 26    XL:     13   Next: 28%
Magic:  20/20      EV:  9    Int:  5    God:    Makhleb [*****.]
Gold:   992        SH:  0    Dex: 10    Spells: 0 memorised, 12 levels left

rFire  . . .     SeeInvis .     K - +2 battleaxe (freeze)
rCold  + . .     Gourm    .     N - +3 plate armour {MR+}
rNeg   . . .     Faith    .     (shield currently unavailable)
rPois  .         Spirit   .     (helmet restricted)
rElec  .         Reflect  .     j - +0 cloak
rCorr  .         Harm     .     v - +1 pair of gloves
MR     +....                    (no boots)
Stlth  ..........               C - amulet of regeneration
                                (no ring)
                                F - ring of protection from cold

@: lethally poisoned (-15 -> -24)
A: retaliatory headbutt, horns 2
a: Minor Destruction, Lesser Servant of Makhleb, Major Destruction, Greater
Servant of Makhleb, Renounce Religion


You were on level 6 of the Lair of Beasts.
You worshipped Makhleb.
Makhleb was extremely pleased with you.
You were not hungry.

You visited 3 branches of the dungeon, and saw 15 of its levels.
You also visited: Ossuary, Bailey and Ice Cave.

You collected 992 gold pieces.

Inventory:

Hand Weapons
 a - a +0 war axe
 H - a +1 vampiric war axe
 K - a +2 battleaxe of freezing (weapon)
Armour
 c - a +0 shield
 j - a +0 cloak (worn)
 v - a +1 pair of gloves (worn)
 I - a +2 plate armour
 N - a +3 plate armour of magic resistance (worn)
Jewellery
 o - a +3 amulet of reflection
 C - an amulet of regeneration (around neck)
 F - a ring of protection from cold (left hand)
 T - an uncursed ring of protection from cold
 U - an uncursed amulet of magic regeneration
Wands
 g - a wand of iceblast (0/15)
 G - a wand of polymorph (12/24)
 L - a wand of slowing (33/48)
 M - a wand of disintegration (0/24)
 V - a wand of lightning (9/15)
Scrolls
 i - 2 scrolls of teleportation
 k - 2 scrolls of immolation
 p - 5 scrolls of identify
 q - 9 scrolls of remove curse
 s - a scroll of magic mapping
 J - a scroll of holy word {unknown}
 X - a scroll of fear {unknown}
Potions
 d - 7 potions of might
 e - a potion of heal wounds
 n - 2 potions of berserk rage {unknown}
 r - 8 potions of curing
 t - 3 potions of invisibility {unknown}
 w - 6 potions of haste {unknown}
 x - a potion of flight
 z - 3 potions of resistance {unknown}
 A - a potion of cancellation {unknown}
 B - 2 potions of brilliance {unknown}
 D - a potion of magic {unknown}
 E - a potion of beneficial mutation {unknown}
 O - a potion of ambrosia {unknown}
 P - a potion of lignification {unknown}
 Q - a potion of agility {unknown}
Books
 m - a book of Summonings

   Spells                             Type                      Level
   a - Recall                         Summoning/Translocation      3
   b - Aura of Abjuration             Summoning                    5
   c - Summon Demon                   Summoning                    5
   d - Summon Forest                  Summoning/Translocation      5
   e - Summon Mana Viper              Hexes/Summoning              5
   f - Shadow Creatures               Summoning                    6
 u - a book of Conjurations

   Spells                             Type                      Level
   a - Magic Dart                     Conjuration                  1
   b - Searing Ray                    Conjuration                  2
   c - Dazzling Spray                 Conjuration/Hexes            3
   d - Fulminant Prism                Conjuration/Hexes            4
   e - Iskenderun's Mystic Blast      Conjuration                  4
   f - Iskenderun's Battlesphere      Conjuration/Charms           5
 y - a book of Flames

   Spells                             Type                      Level
   a - Flame Tongue                   Conjuration/Fire             1
   b - Throw Flame                    Conjuration/Fire             2
   c - Conjure Flame                  Conjuration/Fire             3
   d - Inner Flame                    Hexes/Fire                   3
   e - Sticky Flame                   Conjuration/Fire             4
   f - Fireball                       Conjuration/Fire             5
 R - a book of Ice

   Spells                             Type                      Level
   a - Ice Form                       Ice/Transmutation            4
   b - Metabolic Englaciation         Hexes/Ice                    5
   c - Ozocubu's Refrigeration        Ice                          6
   d - Bolt of Cold                   Conjuration/Ice              6
   e - Freezing Cloud                 Conjuration/Ice/Air          6
   f - Simulacrum                     Ice/Necromancy               6
Comestibles
 b - 4 royal jellies
 f - 7 bread rations
 h - 5 beef jerkies
 l - 29 fruits
 S - 3 slices of pizza
 W - 5 chunks of flesh


   Skills:
 - Level 7.7 Fighting
 + Level 18.0 Axes
 - Level 9.5 Armour
 - Level 5.3 Dodging
 - Level 8.3 Shields
 + Level 10.8 Invocations


You had 12 spell levels left.
You didn't know any spells.

Dungeon Overview and Level Annotations

Branches:
Dungeon (8/15)             Temple (1/1) D:4            Lair (6/6) D:8
 Shoals (0/4) Lair:4        Snake (0/4) Lair:4
  Slime: Lair:5-6

Altars:
Ashenzari
Cheibriados
Dithmenos
Elyvilon
Fedhas
Gozag
Hepliaklqana
Kikubaaqudgha
Makhleb
Nemelex Xobeh
Okawaru
Qazlal
Ru
Sif Muna
Trog
Uskayaw
Vehumet
Xom
Yredelemnul
Zin
The Shining One

Shops:
D:8 *

Annotations:
Lair:6 Snorg


Innate Abilities, Weirdness & Mutations

You reflexively headbutt those who attack you in melee.
You have a pair of horns on your head.


Message History

* * * LOW HITPOINT WARNING * * *
The komodo dragon bites you.
* * * LOW HITPOINT WARNING * * *
You feel much better.
You feel sick. The black mamba barely misses you. You furiously retaliate!
You headbutt the black mamba, but do no damage.
Snorg bites you but does no damage. Snorg claws you!
* * * LOW HITPOINT WARNING * * *
Snorg claws you.
* * * LOW HITPOINT WARNING * * *
The black mamba bites you but does no damage.
The komodo dragon bites you.
* * * LOW HITPOINT WARNING * * *
Okay, then.
A demon appears!
You feel sick. Snorg bites you.
* * * LOW HITPOINT WARNING * * *
Snorg claws you.
* * * LOW HITPOINT WARNING * * *
Snorg claws you!
You die...

..P............ .P.#.#..P...#...
....#..P........ ..............(.
................
.......4.........
.......<..P....... #.#..
.....$.@.........# .....
......lST........##.....
.......................$
.................................
.................................
.................................
................................[
..........................$......
...............................<.


You could see Snorg (berserk), a komodo dragon, a black mamba and a friendly
hellwing.

Vanquished Creatures
  Kirke (Lair:4)
  A white draconian (IceCv)
  3 hydras
  A death yak (IceCv)
  A fire crab (Lair:6)
  The ghost of spooks32 the Martial Artist, a novice KoMo of Sif Muna (D:6)
  Joseph (D:8)
  A black mamba (Lair:6)
  An ice statue (IceCv)
  The ghost of dscm the Digger, a novice OpEE of Sif Muna (D:5)
  6 spiny frogs
  2 rime drakes
  3 komodo dragons
  A merfolk (Lair:4)
  15 polar bears
  A blink frog (Lair:2)
  A hippogriff (Lair:6)
  A spriggan (D:7)
  41 yaks
  7 hogs (Lair:4)
  A hungry ghost (D:7)
  Edmund (D:5)
  3 nagas (Lair:4)
  7 water moccasins
  10 porcupines
  Duvessa (D:6)
  A black bear (D:6)
  6 orc warriors
  A sky beast (D:8)
  7 ogres
  2 ice beasts (D:5)
  27 wolves
  The ghost of dscm the Ducker, an amateur OpEE (D:4)
  11 crocodiles
  14 bullfrogs
  2 big kobolds (D:7)
  Dowan (D:6)
  A water moccasin zombie (Ossuary)
  A scorpion (D:4)
  4 electric eels
  2 howler monkeys (D:4)
  3 crimson imps
  A bullfrog zombie (D:7)
  5 orc priests
  3 hounds
  3 iguanas
  A bullfrog skeleton (D:4)
  7 worker ants
  10 orc wizards
  A big kobold zombie (Ossuary)
  2 mummies (Ossuary)
  10 adders
  6 river rats
  An ooze (D:3)
  4 adder zombies (Ossuary)
  An adder skeleton (D:5)
  4 worms
  4 dart slugs
  6 leopard geckos
  49 orcs
  11 giant cockroaches
  11 goblins
  7 hobgoblins
  7 jackals
  3 quokkas
  3 ball pythons
  4 bats
  4 frilled lizards
  3 gnoll zombies (Ossuary)
  7 hobgoblin zombies (Ossuary)
  15 kobolds
  4 kobold zombies (Ossuary)
  11 rats
  2 fungi
  3 plants (Lair:6)
410 creatures vanquished.

Vanquished Creatures (collateral kills)
  The ghost of Haldmier the Grappler, a journeyman VSTm of Okawaru (Lair:2)
  3 elephants (Lair:6)
  A komodo dragon (Lair:5)
  2 blink frogs (Lair:2)
  2 hippogriffs
  A water moccasin (Lair:5)
  A porcupine (Lair:2)
  2 crocodiles (Lair:6)
13 creatures vanquished.

Vanquished Creatures (others)
  A goblin (D:3)
  A kobold (D:7)
  5 fungi (Lair:4)
  A plant (Lair:6)
8 creatures vanquished.

Grand Total: 431 creatures vanquished

Notes
Turn   | Place    | Note
-------+----------+-------------------------------------------
     0 | D:1      | esteth the Minotaur Fighter began the quest for the Orb.
     0 | D:1      | Reached XP level 1. HP: 19/19 MP: 0/0
   160 | D:1      | Reached XP level 2. HP: 23/26 MP: 1/1
   175 | D:1      | Reached skill level 3 in Axes
   858 | D:1      | Reached XP level 3. HP: 31/31 MP: 2/2
  1366 | D:2      | Reached skill level 4 in Axes
  1366 | D:2      | Reached skill level 5 in Shields
  1366 | D:2      | Reached XP level 4. HP: 32/39 MP: 3/3
  1923 | D:3      | Reached skill level 1 in Dodging
  2799 | D:4      | Reached XP level 5. HP: 45/45 MP: 4/4
  2877 | D:4      | Noticed an ogre
  2982 | D:4      | Killed an ogre
  2982 | D:4      | Reached skill level 5 in Axes
  3266 | D:4      | Reached XP level 6. HP: 34/51 MP: 5/5
  3275 | D:4      | Noticed dscm's ghost (amateur OpEE)
  3465 | D:4      | Killed dscm's ghost
  3465 | D:4      | Reached skill level 6 in Axes
  3640 | D:4      | Reached XP level 7. HP: 54/57 MP: 6/6
  3684 | D:4      | Reached skill level 5 in Dodging
  3774 | D:4      | Found a staircase to the Ecumenical Temple.
  3857 | Temple   | Entered the Ecumenical Temple
  4073 | Temple   | Became a worshipper of Makhleb the Destroyer
  4222 | D:4      | Reached skill level 7 in Axes
  4580 | D:5      | Entered Level 5 of the Dungeon
  4618 | D:5      | Reached skill level 5 in Armour
  4659 | D:5      | Noticed dscm's ghost (novice OpEE)
  4679 | D:5      | Killed dscm's ghost
  4679 | D:5      | Reached skill level 5 in Fighting
  4679 | D:5      | Reached skill level 8 in Axes
  4679 | D:5      | Reached XP level 8. HP: 23/68 MP: 7/7
  4937 | D:5      | Found a sand-covered staircase.
  4949 | Ossuary  | Entered an ossuary
  5092 | Ossuary  | Reached * piety under Makhleb
  5092 | Ossuary  | Reached skill level 9 in Axes
  5378 | D:5      | Noticed Edmund
  5390 | D:5      | Killed Edmund
  5522 | D:6      | Noticed spooks32's ghost (novice KoMo)
  5547 | D:6      | Killed spooks32's ghost
  5547 | D:6      | Reached skill level 10 in Axes
  5547 | D:6      | Reached XP level 9. HP: 71/80 MP: 8/8
  5571 | D:6      | Noticed Duvessa
  5573 | D:6      | Noticed Dowan
  5589 | D:6      | Killed Duvessa
  5595 | D:6      | Killed Dowan
  6065 | D:7      | Reached skill level 11 in Axes
  6440 | D:7      | Reached ** piety under Makhleb
  7172 | D:8      | Found a stormy altar of Qazlal.
  7271 | D:8      | Reached skill level 12 in Axes
  7271 | D:8      | Reached XP level 10. HP: 88/88 MP: 9/9
  7282 | D:8      | Found a flagged portal.
  7291 | Bailey   | Entered a bailey
  7325 | Bailey   | Reached *** piety under Makhleb
  7658 | Bailey   | Noticed an orc knight
  8060 | D:8      | Noticed Joseph
  8127 | D:8      | Reached skill level 13 in Axes
  8155 | D:8      | Reached **** piety under Makhleb
  8181 | D:8      | Killed Joseph
  8265 | D:8      | Found a staircase to the Lair.
  8368 | D:8      | Found Jics's General Store.
  8729 | Lair:1   | Entered Level 1 of the Lair of Beasts
  8962 | Lair:1   | Noticed a spiny frog
  8971 | Lair:1   | Killed a spiny frog
  9013 | Lair:1   | Reached XP level 11. HP: 93/93 MP: 10/10
  9297 | Lair:1   | Reached skill level 14 in Axes
  9297 | Lair:1   | Reached skill level 1 in Invocations
  9703 | Lair:2   | Noticed Haldmier's ghost (journeyman VSTm)
  9723 | Lair:2   | Killed Haldmier's ghost
  9828 | Lair:2   | Noticed a five-headed hydra
  9850 | Lair:2   | Killed an 11-headed hydra
 10282 | Lair:3   | Reached skill level 15 in Axes
 10283 | Lair:3   | Reached skill level 5 in Invocations
 10745 | Lair:3   | You fall through a shaft for 3 floors!
 10745 | Lair:6   | Entered Level 6 of the Lair of Beasts
 10896 | Lair:5   | Reached XP level 12. HP: 100/101 MP: 14/16
 10921 | Lair:4   | Found a frozen archway.
 10934 | IceCv    | Entered an ice cave
 11052 | IceCv    | Reached skill level 16 in Axes
 11178 | IceCv    | Reached ***** piety under Makhleb
 11468 | IceCv    | Noticed a death yak
 11468 | IceCv    | Noticed a white draconian
 11485 | IceCv    | Killed a death yak
 11485 | IceCv    | Reached skill level 17 in Axes
 11507 | IceCv    | Killed a white draconian
 11649 | Lair:4   | Noticed a six-headed hydra
 11659 | Lair:4   | Killed a 12-headed hydra
 11839 | Lair:4   | Noticed a seven-headed hydra
 11841 | Lair:4   | Found a staircase to the Snake Pit.
 11871 | Lair:4   | Killed a 13-headed hydra
 11871 | Lair:4   | Reached skill level 10 in Invocations
 12110 | Lair:4   | Reached XP level 13. HP: 107/107 MP: 19/19
 12150 | Lair:4   | Found a staircase to the Shoals.
 12403 | Lair:4   | Noticed Kirke
 12418 | Lair:4   | Killed Kirke
 12501 | Lair:4   | You fall through a shaft for 2 floors!
 12554 | Lair:6   | Reached skill level 18 in Axes
 12617 | Lair:6   | Noticed Snorg
 12644 | Lair:6   | HP: 2/107 [Snorg (4)]
 12644 | Lair:6   | Demolished by Snorg

Skill      XL: |  1  2  3  4  5  6  7  8  9 10 11 12 13 |
---------------+----------------------------------------+-----
Shields        | 4 5 8 |  8.3
Axes           | 3 4 5 6 8 10 12 13 15 17 18 | 18.0
Dodging        | 2 3 4 5 |  5.3
Armour         | 5 9 |  9.5
Fighting       | 5 7 |  7.7
Invocations    | 6 10 | 10.8

Action                   |  1- 3 |  4- 6 |  7- 9 | 10-12 | 13-15 || total
-------------------------+-------+-------+-------+-------+-------++-------
Melee: War axe           |    97 |   167 |   354 |   755 |       ||  1373
       Headbutt          |     9 |    19 |    66 |   187 |    11 ||   292
       Battleaxe         |       |       |       |    37 |    87 ||   124
Invok: Lesser Servant of |       |       |       |     9 |     4 ||    13
       Minor Destruction |       |       |       |     7 |     2 ||     9
       Major Destruction |       |       |       |       |     1 ||     1
Evoke: Wand              |       |     2 |       |     6 |       ||     8
  Use: Potion            |       |     4 |       |     2 |     5 ||    11
       Scroll            |       |     1 |     7 |     9 |       ||    17
 Stab: Distracted        |       |       |       |       |     1 ||     1
  Eat: Chunk             |     1 |     8 |    10 |    11 |     3 ||    33
       Bread ration      |       |       |     2 |     1 |       ||     3
Armor: Scale mail        |    37 |    47 |    58 |       |       ||   142
       Plate armour      |       |       |    18 |   505 |    80 ||   603
       Chain mail        |       |       |     9 |       |       ||     9
Dodge: Dodged            |    31 |    27 |    68 |   287 |    56 ||   469
Block: Shield            |    50 |   121 |   214 |   502 |       ||   887
       Reflection        |       |     3 |     6 |       |       ||     9
